 Dungeon Crawl Stone Soup version 0.27-a0-46-g34d46f0a3f (webtiles) character file.

Game seed: 6817549775676010448

21814 sideus8 the Thaumaturge (level 12, -6/60 HPs)
             Began as a Gargoyle Fire Elementalist on Jan 5, 2021.
             Was an Elder of Sif Muna.
             Mangled by an eight-headed hydra (9 damage)
             ... on level 3 of the Lair of Beasts on Jan 6, 2021.
             The game lasted 00:49:07 (13001 turns).

sideus8 the Thaumaturge (GrFE)                     Turns: 13001, Time: 00:49:07

Health: -6/60      AC: 15    Str: 12    XL:     12   Next: 93%
Magic:  0/25       EV: 14    Int: 20    God:    Sif Muna [****..]
Gold:   1506       SH:  5    Dex: 12    Spells: 7/30 levels left

rFire    + + +     SeeInvis .   n - staff of fire
rCold    . . .     Faith    .   A - +1 buckler of Watchfulness {*Corrode rN+ Int+3}
rNeg     + + +     Spirit   .   G - +2 leather armour of the Shining Light {rF+++ rN+ Int-4 Dex+2}
rPois    ∞         Reflect  .   (helmet restricted)
rElec    +         Harm     .   v - scarf {rC+ rF+}
rCorr    .         Rampage  .   e - +0 pair of gloves
Will     .....                  (no boots)
Stlth    ++........             (no amulet)
HPRegen  0.20/turn              f - ring of fire
MPRegen  0.19/turn              i - ring of wizardry

@: no status effects
A: beak, talons 1, frail 1, negative energy resistance 1, sense surroundings 1,
electricity resistance, unbreathing, petrification resistance, miasma immunity,
AC +8
a: Renounce Religion, Channel Magic, Forget Spell, Divine Exegesis


You were on level 3 of the Lair of Beasts.
You worshipped Sif Muna.
Sif Muna was greatly pleased with you.
You visited 3 branches of the dungeon, and saw 12 of its levels.
You also visited: Bailey.

You collected 1506 gold pieces.

Inventory:

Hand Weapons
 m - a +1 dagger of speed
 p - a +3 whip of draining
 u - a +0 whip of freezing
Armour
 a - a +0 robe
 e - a +0 pair of gloves (worn)
 h - a +0 ring mail
 o - a +0 troll leather armour {Purgy}
 v - a scarf of resistance (worn)
 A - the +1 buckler of Watchfulness (worn) {*Corrode rN+ Int+3}
   (You acquired it on level 8 of the Dungeon)

   It affects your intelligence (+3).
   It protects you from negative energy.
   It may corrode you when you take damage.
 G - the +2 leather armour of the Shining Light (worn) {rF+++ rN+ Int-4 Dex+2}
   (You found it on level 3 of the Lair of Beasts)

   It affects your intelligence (-4).
   It affects your dexterity (+2).
   It renders you almost immune to fire.
   It protects you from negative energy.
Magical Staves
 n - an uncursed staff of fire (weapon)
Jewellery
 c - an uncursed ring of willpower
 f - a ring of fire (left hand)
 i - a ring of wizardry (right hand)
 D - an uncursed ring of positive energy {unknown}
Wands
 x - a wand of paralysis (8)
 E - a wand of acid (10)
Scrolls
 d - a scroll of enchant armour
 g - a scroll of identify
 j - a scroll of blinking
 k - 4 scrolls of teleportation
 l - 4 scrolls of remove curse
 q - 3 scrolls of immolation
 r - a scroll of random uselessness
 s - a scroll of fog
 t - 2 scrolls of magic mapping
 y - a scroll of amnesia
Potions
 b - a potion of flight
 w - a potion of might
 z - a potion of attraction
 B - a potion of magic {unknown}
 C - 2 potions of heal wounds
 F - a potion of ambrosia


   Skills:
 + Level 4.7 Fighting
 + Level 5.1 Staves
 + Level 5.1 Armour
 + Level 5.4 Dodging
 - Level 3.0 Stealth
 + Level 3.8 Shields
 + Level 9.7 Spellcasting
 + Level 9.5 Conjurations
 - Level 0.2 Transmutations
 + Level 9.2 Fire Magic
 * Level 4.0 Ice Magic
 * Level 8.2 Invocations


You had 7 spell levels left.
You knew the following spells:

 Your Spells              Type           Power        Failure   Level
a - Foxfire               Conj/Fire      100%         1%          1
b - Conjure Flame         Conj/Fire      82%          1%          3
c - Inner Flame           Hex/Fire       58%          1%          3
d - Sticky Flame          Conj/Fire      82%          1%          4
e - Wereblood             Tmut           10%          5%          2
f - Fireball              Conj/Fire      41%          2%          5
g - Metabolic Englaciati  Hex/Ice        8%           38%         5

Your spell library contained the following spells:

 Spells                   Type           Power        Failure   Level
 Beastly Appendage        Tmut           20%          3%          1
 Confusing Touch          Hex            9%           11%         3
 Gell's Gravitas          Tloc           4%           11%         3
 Spider Form              Tmut/Pois      5%           11%         3
 Ice Form                 Ice/Tmut       18%          16%         4
 Petrify                  Tmut/Erth      10%          32%         4
 Blade Hands              Tmut           5%           65%         5
 Yara's Violent Unravell  Hex/Tmut       5%           65%         5


Dungeon Overview and Level Annotations

Branches:
Dungeon (8/15)             Temple (1/1) D:4            Lair (3/6) D:8
  Swamp (0/4) Lair:2       Bailey (visited)
  Snake: Lair:2-4    Spider: Lair:2-4

Altars:
Ashenzari
Dithmenos
Elyvilon
Fedhas
Gozag
Kikubaaqudgha
Makhleb
Nemelex Xobeh
Okawaru
Qazlal
Sif Muna
Uskayaw
Vehumet
Wu Jian
Xom
Yredelemnul
Zin
The Shining One
Jiyva

Shops:
D:4 (   D:6 (


Innate Abilities, Weirdness & Mutations

You are resistant to torment.
Your stone body is resilient. (AC +8)
You are immune to poison.
You resist negative energy. (rN+)
You are resistant to electric shocks. (rElec)
You can survive without breathing.
You are immune to petrification.
You are immune to miasma.
You have a beak for a mouth.
You have sharp toenails.
You are frail. (-10% HP)
You passively map a small area around you.


Message History

The eight-headed hydra misses you.
The eight-headed hydra bites you but does no damage.
The eight-headed hydra bites you!
* * * LOW HITPOINT WARNING * * *
The eight-headed hydra bites you!
* * * LOW HITPOINT WARNING * * *
The eight-headed hydra bites you but does no damage.
The eight-headed hydra closely misses you.
The eight-headed hydra bites you but does no damage. x2
Casting: Foxfire (safe; 1% risk of failure)
Confirm with . or Enter, or press ? or * to list all spells.
Aiming: Sticky Flame (dangerous; 1% risk of failure)
Press: ? - help, Shift-Dir - straight line, f/p - eight-headed hydra
Aim: an eight-headed hydra (severely wounded, 0% to evade)
You feel a strong surge of power!
The sticky flame hits the eight-headed hydra!
The eight-headed hydra is almost dead.
The eight-headed hydra is covered in liquid flames!
The eight-headed hydra burns!
The eight-headed hydra bites you!
You die...

+#.⌠...###.##
,,*#.#'#.## # ,
#+#....# , # #..#...#
, , .# ##...#### **..
#....#### *.. #*
####..#.# .#..#*
##...# ####......
###.#.+#####D@.......
**
#........P.k.........
,+.......P††..........
*
*#..?.......####.>....
#........### *......*
##..#.+### *......
###...# *, ##..#
#...### * *..#* *
#.### * ,


You could see an eight-headed hydra (burning) and a rime drake (catching
breath).

Vanquished Creatures
  The ghost of TwistedFlax the Grappler, a journeyman TrMo of Trog (Lair:2)
  3 hydras
  Erica (Lair:2)
  A lindwurm (Lair:2)
  Pikel (D:6)
  4 elephants (Lair:3)
  2 black mambas
  5 cane toads
  2 rime drakes
  5 komodo dragons
  A dream sheep (Lair:2)
  2 slime creatures
  11 blink frogs
  17 yaks
  2 wyverns (D:8)
  2 basilisks
  5 water moccasins
  2 phantoms (D:4)
  4 sky beasts
  Purgy (D:3)
  An ice beast (D:5)
  2 orc warriors
  A swamp drake (D:8)
  A black bear (D:8)
  4 ogres
  14 wolves
  3 lemures (D:6)
  2 big kobolds (D:5)
  8 gnoll sergeants (Bailey)
  6 bullfrogs
  3 scorpions
  5 killer bees (D:7)
  8 wights (D:7)
  An electric eel (Lair:2)
  A bullfrog zombie (D:8)
  5 hounds
  2 centaur skeletons
  7 gnoll shamans
  3 orc priests
  A bullfrog skeleton (D:5)
  6 jellies
  12 orc wizards
  8 worker ants
  3 iguanas
  A killer bee zombie (D:6)
  7 adders
  14 gnolls (Bailey)
  A white imp (D:5)
  An ufetubus (D:8)
  6 oozes
  3 adder skeletons
  2 worms
  2 dart slugs
  4 leopard geckos
  39 orcs
  A ball python (D:3)
  3 giant cockroaches
  3 hobgoblins
  4 jackals (D:4)
  A quokka (D:6)
  4 bats (D:2)
  3 frilled lizards
  A giant cockroach zombie (D:5)
  10 goblins
  17 kobolds
  A leopard gecko skeleton (D:6)
  3 rats
310 creatures vanquished.

Vanquished Creatures (collateral kills)
  7 foxfires
7 creatures vanquished.

Vanquished Creatures (others)
  832 foxfires
  14 fungi
  6 plants
  11 toadstools (D:5)
863 creatures vanquished.

Grand Total: 1180 creatures vanquished

Notes
Turn   | Place    | Note
-------+----------+-------------------------------------------
     0 | D:1      | sideus8 the Gargoyle Fire Elementalist began the quest for
                  | the Orb.
     0 | D:1      | Reached XP level 1. HP: 10/10 MP: 3/3
   376 | D:1      | Reached XP level 2. HP: 13/15 MP: 1/5
  1456 | D:2      | Reached XP level 3. HP: 19/19 MP: 3/6
  1675 | D:2      | Found an ornate altar of the Wu Jian Council.
  1949 | D:2      | Upgraded the game from 0.27-a0-40-g5f2be0e231 to
                  | 0.27-a0-46-g34d46f0a3f
  2002 | D:2      | Found an ancient bone altar of Kikubaaqudgha.
  2023 | D:2      | Found a stormy altar of Qazlal.
  2023 | D:2      | Found a basalt altar of Yredelemnul.
  2023 | D:2      | Found a shadowy altar of Dithmenos.
  2164 | D:2      | Found an opulent altar of Gozag.
  2317 | D:3      | Noticed Purgy
  2326 | D:3      | Killed Purgy
  2327 | D:3      | Reached XP level 4. HP: 18/24 MP: 0/9
  2327 | D:3      | Reached XP level 5. HP: 21/28 MP: 0/10
  2929 | D:3      | Found a blossoming altar of Fedhas.
  3141 | D:4      | Noticed an ogre
  3146 | D:4      | Killed an ogre
  3147 | D:4      | Reached XP level 6. HP: 32/32 MP: 6/12
  3347 | D:4      | Found Irreodu's Weapon Shoppe.
  3415 | D:4      | Noticed a phantom
  3426 | D:4      | Killed a phantom
  3510 | D:4      | Reached XP level 7. HP: 36/36 MP: 5/13
  3700 | D:4      | Found a glowing golden altar of the Shining One.
  3731 | D:4      | Reached skill level 1 in Armour
  3944 | D:4      | Reached skill level 5 in Spellcasting
  3988 | D:4      | Reached skill level 5 in Fire Magic
  4121 | D:4      | Reached XP level 8. HP: 41/41 MP: 0/16
  4200 | D:4      | Learned a level 3 spell: Conjure Flame
  4204 | D:4      | Learned a level 3 spell: Inner Flame
  4209 | D:4      | Learned a level 4 spell: Sticky Flame
  4212 | D:4      | Learned a level 2 spell: Wereblood
  4259 | D:4      | Found a sparkling altar of Nemelex Xobeh.
  4388 | D:4      | Found a staircase to the Ecumenical Temple.
  4396 | Temple   | Entered the Ecumenical Temple
  4428 | Temple   | Became a worshipper of Sif Muna the Loreminder
  4564 | D:5      | Entered Level 5 of the Dungeon
  4693 | D:5      | Found a broken altar of Ashenzari.
  5128 | D:5      | Found a glowing silver altar of Zin.
  5299 | D:5      | Found a hide-covered altar of Uskayaw.
  5431 | D:5      | Reached * piety under Sif Muna
  5433 | D:5      | Reached skill level 5 in Conjurations
  5563 | D:5      | Noticed a slime creature
  5564 | D:5      | Noticed a slime creature
  5571 | D:5      | Killed a slime creature
  5577 | D:5      | Reached skill level 1 in Fighting
  5789 | D:4      | Killed a slime creature
  5790 | D:4      | Reached XP level 9. HP: 45/47 MP: 6/18
  6291 | D:5      | Found a burning altar of Makhleb.
  6710 | D:6      | Found Naov's Weapon Shop.
  6813 | D:6      | Reached skill level 1 in Invocations
  7013 | D:6      | Noticed Pikel
  7060 | D:6      | Reached skill level 1 in Staves
  7176 | D:6      | Reached ** piety under Sif Muna
  7193 | D:6      | Killed Pikel
  7289 | D:6      | Found an iron altar of Okawaru.
  7887 | D:7      | Reached XP level 10. HP: 42/54 MP: 18/20
  8024 | D:7      | Learned a level 5 spell: Fireball
  8029 | D:7      | Found a flagged portal.
  8050 | Bailey   | Entered a bailey
  8173 | Bailey   | Reached *** piety under Sif Muna
  8485 | Bailey   | Gained mutation: Your mind is acute. (Int +2) [potion of
                  | mutation]
  8485 | Bailey   | Gained mutation: You have sharp toenails. [potion of
                  | mutation]
  8485 | Bailey   | Gained mutation: Your spells are a little harder to cast,
                  | but a little more powerful. [potion of mutation]
  8485 | Bailey   | Gained mutation: Your large and strong wings let you fly
                  | indefinitely. [potion of mutation]
  8761 | Bailey   | Lost mutation: Your mind is acute. (Int +2) [potion of
                  | mutation]
  8761 | Bailey   | Lost mutation: Your spells are a little harder to cast, but
                  | a little more powerful. [potion of mutation]
  8761 | Bailey   | Lost mutation: Your large and strong wings let you fly
                  | indefinitely. [potion of mutation]
  8761 | Bailey   | Gained mutation: You have a beak for a mouth. [potion of
                  | mutation]
  8761 | Bailey   | Gained mutation: You are frail. (-10% HP) [potion of
                  | mutation]
  8761 | Bailey   | Gained mutation: You passively map a small area around you.
                  | [potion of mutation]
  9038 | D:7      | Found a white marble altar of Elyvilon.
  9878 | D:8      | Identified a scroll of acquirement
  9878 | D:8      | Acquired the +1 buckler of Watchfulness {*Corrode rN+
                  | Int+3}
 10050 | D:8      | Learned a level 5 spell: Metabolic Englaciation
 10146 | D:8      | Reached skill level 5 in Invocations
 10147 | D:8      | Reached skill level 1 in Shields
 10181 | D:8      | Found a staircase to the Lair.
 10221 | Lair:1   | Entered Level 1 of the Lair of Beasts
 10307 | Lair:1   | Reached XP level 11. HP: 45/54 MP: 13/23
 10418 | Lair:1   | Noticed an eight-headed hydra
 10428 | Lair:1   | Killed an eight-headed hydra
 10842 | Lair:2   | Reached **** piety under Sif Muna
 11735 | Lair:2   | Noticed Erica
 11740 | Lair:2   | Killed Erica
 11741 | Lair:2   | Reached skill level 1 in Ice Magic
 11756 | Lair:2   | Reached XP level 12. HP: 58/60 MP: 2/24
 11767 | Lair:2   | Found a transporter.
 11819 | Lair:2   | Noticed TwistedFlax's ghost (journeyman TrMo)
 11820 | Lair:2   | Found a transporter.
 11929 | Lair:2   | Reached skill level 5 in Dodging
 11941 | Lair:2   | Killed TwistedFlax's ghost
 12210 | Lair:2   | Noticed a four-headed hydra
 12224 | Lair:2   | Killed a four-headed hydra
 12322 | Lair:2   | Found a staircase to the Swamp.
 12573 | Lair:2   | Reached skill level 5 in Armour
 12575 | Lair:2   | Reached skill level 5 in Staves
 12734 | Lair:3   | Noticed an eight-headed hydra
 12742 | Lair:3   | Killed an eight-headed hydra
 12956 | Lair:3   | Noticed an eight-headed hydra
 12974 | Lair:3   | Got a jewelled leather armour
 12985 | Lair:3   | Identified the +2 leather armour of the Shining Light
                  | {rF+++ rN+ Int-4 Dex+2} (You found it on level 3 of the
                  | Lair of Beasts)
 13000 | Lair:3   | HP: 3/60 [eight-headed hydra (7)]
 13001 | Lair:3   | Mangled by an eight-headed hydra

Illustrated notes

Levels and vault maps discovered:
D:1:      heliophobic_arrival_battle_scene, layout_loops_ring, serial_bayou,
          serial_bayou_pond_b, serial_bayou_lagoon_b, serial_bayou_pond_d,
          serial_bayou_lake_a
D:2:      layout_loops_corners, kiku_gazebo_pond_becter,
          nicolae_gozag_seed_capital, lemuel_crystal_altar,
          gammafunk_temple_overflow_forgotten
D:3:      layout_basic, lemuel_statue_altar, uniq_purgy
D:4:      minmay_clustersquares, layout_gridville, general_overflow_altar,
          nicolae_tso_swordbearing_angel, minmay_temple_entry_glassed_door,
          serial_shops, shop_coins, hangedman_decor_riveting
D:5:      cheibrodos_fertilizer, layout_basic, lemuel_crystal_altar,
          makhleb_blood_cavern_becter, kennysheep_mini_moat,
          nicolae_ashenzari_panopticon
D:6:      layout_loops_ring, okawaru_gym_becter, serial_shops, shop,
          chequers_ossuary_entry_cave, uniq_pikel
D:7:      layout_basic, old_standard_altar, enter_bailey_5, serial_aquarium,
          aquarium_bridge_island_large [aquarium_subvault_large_1_pool,
          aquarium_subvault_bridge, aquarium_subvault_window,
          aquarium_subvault_window, aquarium_subvault_bridge],
          aquarium_window_corridor_3, aquarium_window_fake,
          aquarium_window_fake, aquarium_view_2a, minmay_misc_feat_square
D:8:      layout_rooms, erik_lair_dragon, fungi_pond_lemuel
Temple:   pf_slime_end_temple
Lair:1:   layout_cave_pods, grunt_megastairs_2, infiniplex_staircase_pool_2
Lair:2:   layout_regular_city, swamp_mist_pool, nzn_ghost_randoct,
          chequers_serial_rivers_micro_d, beast_lair_carwin_3, uniq_erica
Lair:3:   layout_roguey, minmay_snake_entry_guardpost_medium,
          nzn_masters_of_martial_movement, grunt_megastairs_5,
          minmay_lair_oklob_chamber, serial_bayou_shore_a

Skill      XL: |  1  2  3  4  5  6  7  8  9 10 11 12 |
---------------+-------------------------------------+-----
Spellcasting   | 3 4 5 6 7 8 9 |  9.7
Conjurations   | 2 3 4 6 7 8 9 |  9.5
Dodging        | 2 3 4 5 |  5.4
Fire Magic     | 4 5 6 7 8 9 |  9.2
Armour         | 1 2 3 4 5 |  5.1
Fighting       | 1 2 3 4 |  4.7
Stealth        | 3 |  3.0
Invocations    | 2 5 7 8 |  8.2
Staves         | 2 4 5 |  5.1
Shields        | 1 3 |  3.8
Ice Magic      | 1 4 |  4.0
Transmutations | |  0.2

Action                   |  1- 3 |  4- 6 |  7- 9 | 10-12 || total
-------------------------+-------+-------+-------+-------++-------
Melee: Unarmed           |     2 |       |       |       ||     2
       Staff             |       |       |   154 |   323 ||   477
       Kick              |       |       |       |    43 ||    43
       Peck              |       |       |       |    23 ||    23
 Cast: Foxfire           |    80 |    64 |   295 |   111 ||   550
       Conjure Flame     |       |       |     5 |     1 ||     6
       Sticky Flame      |       |       |     7 |    91 ||    98
       Fireball          |       |       |       |    56 ||    56
       Wereblood         |       |       |       |     5 ||     5
Invok: Channel Magic     |       |       |       |    10 ||    10
  Use: Scroll            |       |     6 |     8 |    10 ||    24
       Potion            |       |       |     3 |    11 ||    14
 Stab: Sleeping          |       |       |     1 |       ||     1
Armor: Robe              |    12 |       |       |       ||    12
       Troll leather arm |       |     3 |   124 |   209 ||   336
       Skin              |       |       |       |    69 ||    69
       Leather armour    |       |       |       |     5 ||     5
Dodge: Dodged            |    25 |     5 |   184 |   346 ||   560
Block: Buckler           |       |       |       |    76 ||    76

Table legend: (Time is in decaauts)
 A = Elapsed time spent in this place.
 B = Non-inter-level travel time spent in this place.
 C = Inter-level travel time spent in this place.
 D = Time resting spent in this place.
 E = Time spent auto-exploring this place.
 F = Levels seen in this place.
 G = Mean time per level.
                   A        B        C        D        E       F      G
               +--------+--------+--------+--------+--------+-----+--------+
         Total |  13098 |  13098 |      0 |   1270 |   7284 |  13 | 1007.5 |
       Dungeon |   9535 |   9535 |      0 |    396 |   5930 |   8 | 1191.9 |
        Temple |     61 |     61 |      0 |      0 |      0 |   1 |   61.0 |
          Lair |   2775 |   2775 |      0 |    642 |   1190 |   3 |  925.0 |
        Bailey |    726 |    726 |      0 |    232 |    163 |   1 |  726.0 |
               +--------+--------+--------+--------+--------+-----+--------+

Top non-repeatable levels by time:
     D:5: 1941 daAuts
     D:4: 1547 daAuts
  Lair:1: 1416 daAuts
     D:2: 1304 daAuts
     D:7: 1273 daAuts
     D:6: 1134 daAuts
  Lair:2: 1084 daAuts
     D:1: 1071 daAuts
     D:3: 799 daAuts
  Bailey: 726 daAuts
     D:8: 463 daAuts
  Lair:3: 274 daAuts
  Temple: 61 daAuts
